 Dungeon Crawl Stone Soup version 0.25.1-2-g60ff931df9 (webtiles) character file.

Game seed: 6594264731631066838

178 Acheron the Vandal (level 5, -3/35 HPs)
             Began as a Halfling Hunter on Sept 19, 2020.
             Splashed by Ijyb's acid (16 damage)
             ... on level 3 of the Dungeon.
             The game lasted 00:17:25 (2839 turns).

Acheron the Vandal (Halfling Hunter)                Turns: 2839, Time: 00:17:26

Health: -3/35      AC:  6    Str: 13    XL:     5   Next: 89%
Magic:  5/5        EV:  9    Int:  9    God:
Gold:   119        SH:  5    Dex: 16    Spells: 4/4 levels left

rFire    . . .     SeeInvis .   a - +1 hunting sling
rCold    . . .     Gourm    .   (shield restricted)
rNeg     . . .     Faith    .   h - +0 chain mail
rPois    .         Spirit   .   (no helmet)
rElec    .         Reflect  +   m - +1 cloak
rCorr    .         Harm     .   (no gloves)
MR       .....                  (no boots)
Stlth    ..........             l - amulet of reflection
HPRegen  0.11/turn              (no ring)
MPRegen  0.09/turn              (no ring)

@: corroded
A: small, mutation resistance 1, sense surroundings 1
a: no special abilities


You were on level 3 of the Dungeon.
You were not hungry.

You visited 1 branch of the dungeon, and saw 4 of its levels.

You collected 119 gold pieces.

Inventory:

Hand Weapons
 a - a +1 hunting sling (weapon)
 b - a +0 short sword
Missiles
 d - 30 sling bullets (quivered)
 i - 73 stones
Armour
 c - a +0 leather armour
 h - a +0 chain mail (worn)
 m - a +1 cloak (worn)
Jewellery
 l - an amulet of reflection (around neck)
Scrolls
 j - a scroll of remove curse
 t - a scroll of identify
Potions
 e - a potion of haste {unknown}
 g - a potion of ambrosia {unknown}
 p - a potion of mutation
 q - a potion of curing {unknown}
 r - a potion of might {unknown}
Comestibles
 f - 3 rations
 k - 5 chunks of flesh


   Skills:
 * Level 2.4 Fighting
 * Level 1.7 Short Blades
 * Level 7.1 Slings
 * Level 1.4 Armour
 * Level 3.0 Dodging
 * Level 3.1 Stealth


You had 4 spell levels left.
You didn't know any spells.
Your spell library was empty.

Dungeon Overview and Level Annotations

Branches:
Dungeon (4/15)
 Temple: D:4-7

Altars:
Gozag
Uskayaw
Wu Jian

Annotations:
D:1 exclusion: downstairs
D:2 exclusion: downstairs
D:3 Ijyb


Innate Abilities, Weirdness & Mutations

You are small and have problems with some larger weapons.
You are somewhat resistant to further mutation.
You passively map a small area around you.


Message History

Press: ? - help, Shift-Dir - straight line, f - hobgoblin
Aim: a hobgoblin, wielding a +0 club (inner flame)
You shoot a sling bullet.
The sling bullet closely misses the hobgoblin.
Firing (i - inventory. (/) - cycle)
d - 31 sling bullets (quivered)
Press: ? - help, Shift-Dir - straight line, f/p - hobgoblin
Aim: a hobgoblin, wielding a +0 club (inner flame)
You shoot a sling bullet. The sling bullet hits the hobgoblin!
The hobgoblin explodes!
Ijyb zaps a wand.
The bolt of acid hits you! The acid corrodes you!
You are splashed with acid!
* * * LOW HITPOINT WARNING * * *
It was a potion of mutation.
You feel extremely strange.
You feel a strange attunement to the structure of the dungeons.
Ijyb throws a stone.
The stone hits you but does no damage.
It was a potion of heal wounds.
You feel much better.
Ijyb zaps a wand.
The bolt of acid hits you!!
Ouch! That really hurt!
You are splashed with acid!
You die...

######## ## ##
#......# ##8###8##
#".....#
##8...8...8#####
#......#
####.........###.#
#......#
#@#_.........>#...
#......###
#§##.........##..#
####.#...#
#§##8...8)..8##..#
#.###.#####§# #8###8#
#... #.#
#.##..g.#########
##..
#<###....###........#
#..
#[##...g##...###.####
#.. ##
##..........### #.#
##.. .##
#......###.## #.#
####...


You could see Ijyb (inner flame).

Vanquished Creatures
  A howler monkey (D:2)
  An orc wizard (D:3)
  2 adders
  2 oozes
  2 dart slugs
  A leopard gecko (D:3)
  2 orcs
  A ball python (D:1)
  10 bats
  4 giant cockroaches
  7 goblins
  7 hobgoblins
  10 jackals
  A quokka (D:2)
  7 frilled lizards
  7 kobolds
  11 rats
76 creatures vanquished.

Notes
Turn   | Place    | Note
-------+----------+-------------------------------------------
     0 | D:1      | Acheron the Halfling Hunter began the quest for the Orb.
     0 | D:1      | Reached XP level 1. HP: 14/14 MP: 1/1
    82 | D:1      | Reached skill level 6 in Slings
   106 | D:1      | Reached XP level 2. HP: 19/19 MP: 2/2
   494 | D:1      | Reached XP level 3. HP: 21/24 MP: 3/3
  1380 | D:3      | Reached XP level 4. HP: 29/29 MP: 4/4
  1458 | D:3      | Noticed Ijyb
  1641 | D:2      | Found an ornate altar of the Wu Jian Council.
  1768 | D:2      | Found a faded altar of an unknown god.
  1774 | D:2      | Reached skill level 1 in Short Blades
  1856 | D:2      | Found an opulent altar of Gozag.
  2185 | D:3      | Reached skill level 1 in Armour
  2185 | D:3      | Reached XP level 5. HP: 14/35 MP: 5/5
  2380 | D:3      | Noticed an ogre
  2425 | D:2      | Reached skill level 7 in Slings
  2828 | D:3      | Found a hide-covered altar of Uskayaw.
  2838 | D:3      | Gained mutation: You passively map a small area around you.
                  | [potion of mutation]
  2839 | D:3      | Splashed by Ijyb's acid

Illustrated notes

Levels and vault maps discovered:
D:1:      doesnt_arrival_eight_statues, layout_loops_ring
D:2:      layout_rooms, grunt_gozag_statues, marbit_many_paths,
          chequers_ecumenical_altar_grove
D:3:      layout_rooms, kennysheep_ying_yang, nicolae_overflow_hidden_temple,
          minitemple, grunt_decor_one_mirror, uniq_ijyb
D:4:      layout_cave_pools, old_standard_altar,
          grunt_temple_overflow_growth_and_decay, chequers_ossuary_entry_cave,
          first_ration, minmay_liquid_box,
          nicolae_dithmenos_through_a_glass_darkly

Skill      XL: |  1  2  3  4  5 |
---------------+----------------+-----
Slings         | 6 7 |  7.1
Stealth        | 2 3 |  3.1
Fighting       | 2 |  2.4
Short Blades   | 1 |  1.7
Armour         | 1 |  1.4
Dodging        | 3 |  3.0

Action                   |  1- 3 |  4- 6 || total
-------------------------+-------+-------++-------
Melee: Short sword       |    88 |   153 ||   241
 Fire: Hunting sling     |    70 |    40 ||   110
  Use: Scroll            |     1 |     5 ||     6
       Potion            |       |     2 ||     2
  Eat: Chunk             |     2 |     2 ||     4
       Ration            |       |     1 ||     1
Armor: Leather armour    |    14 |       ||    14
       Chain mail        |    45 |   108 ||   153
Dodge: Dodged            |    80 |    75 ||   155
Block: Other             |    31 |    45 ||    76
